[Event "Team 45 45 League T71"]
[Site "Internet Chess Club"]
[Date "2017.01.15"]
[Round "5"]
[White "JasonModer"]
[Black "achessman"]
[Result "0-1"]
[WhiteElo "1970"]
[BlackElo "1910"]
[Opening "QGD: semi-Slav"]
[ECO "D31"]
[Time "09:22:04"]
[TimeControl "2700+45"]

1. d4 d5 2. c4 e6 3. Nc3 c6 4. e3 Bd6 5. Nf3 Nf6 6. Qc2 Nbd7 7. b3 b6 8. Be2 Bb7
9. O-O O-O 10. Bb2 Rc8 11. Rad1 Qe7 12. Rfe1 Rfd8 13. Bf1 c5 14. cxd5 Nxd5 15.
Nxd5 exd5 16. Qb1 h6 17. g3 Nf6 18. Bg2 Ne4 19. Nh4 cxd4 20. Bh3 Qf6 21. Nf5 Nc3
22. Qa1 Nxd1 23. Bxd4 Qg5 24. Rxd1 Bf8 25. Rd2 Rc6 26. Kg2 Bc8 27. f4 Qg6 28.
Nh4 Qe4+ 29. Kf2 Bxh3 30. Nf3 Rdc8 31. Qd1 Rc1 32. Qe2 Rf1+ 33. Qxf1 Bxf1 34.
Kxf1 Qxf3+ {White resigns} 0-1

[Event "Team 45 45 League T71"]
[Site "Internet Chess Club"]
[Date "2017.01.14"]
[Round "5"]
[White "LookImYourVader"]
[Black "IshanR"]
[Result "1/2-1/2"]
[WhiteElo "1782"]
[BlackElo "1883"]
[Opening "Scotch gambit: Dubois-Réti defense"]
[ECO "C55"]
[Time "17:42:51"]
[TimeControl "2700+45"]

1. e4 e5 2. d4 exd4 3. Nf3 Nc6 4. Bc4 Nf6 5. e5 d5 6. Bb5 Ne4 7. Nxd4 Bc5 8. Be3
O-O 9. Nxc6 bxc6 10. Bxc5 Nxc5 11. Bxc6 Rb8 12. O-O Ba6 13. Re1 Rxb2 14. Qxd5
Rxc2 15. Qxd8 Rxd8 16. Na3 Rb2 17. Rab1 Rxa2 18. Nb5 Bxb5 19. Bxb5 Kf8 20. Rec1
Ne6 21. Bc4 Rad2 22. Bxe6 fxe6 23. g3 R8d7 24. Rc6 Rd1+ 25. Rxd1 Rxd1+ 26. Kg2
Rd5 27. Rxc7 a5 28. f4 Rd2+ 29. Kh3 a4 30. Ra7 Ra2 31. Kg4 a3 32. Kg5 Ra1 33.
Ra8+ Kf7 34. Ra7+ Kf8 35. Ra8+ Kf7 36. Ra7+ Kf8 {Game drawn by repetition}
1/2-1/2

[Event "Team 45 45 League T71"]
[Site "Internet Chess Club"]
[Date "2017.01.12"]
[Round "5"]
[White "Elton2013"]
[Black "WillC"]
[Result "1-0"]
[WhiteElo "1826"]
[BlackElo "1674"]
[Opening "QGD: 6.Nf3"]
[ECO "D55"]
[Time "18:00:40"]
[TimeControl "2700+45"]

1. d4 d5 2. c4 e6 3. Nc3 Nf6 4. Bg5 Be7 5. Nf3 O-O 6. e3 b6 7. Bxf6 Bxf6 8. cxd5
exd5 9. Bd3 Bb7 10. O-O Nd7 11. Rc1 g6 12. Qb3 c6 13. Rfd1 Qe7 14. e4 dxe4 15.
Nxe4 Bg7 16. Nc5 Nxc5 17. dxc5 bxc5 18. Re1 Qd7 19. Rxc5 Rab8 20. Qc2 Rfd8 21.
Be4 Qd6 22. Rc1 Qf6 23. b3 Bf8 24. Rc3 Ba3 25. Rf1 Ba6 26. Rxc6 Rd6 27. Rxd6
Qxd6 28. Rd1 Qf6 29. Qc7 Re8 30. Bd5 Re7 31. Qb8+ Kg7 32. Bc4 Bb7 33. Qg3 Bc5
34. h4 Bxf3 35. Qxf3 Qxh4 36. Bxf7 Bxf2+ 37. Qxf2 Qxf2+ 38. Kxf2 Rxf7+ 39. Kg3
g5 40. Rd5 h6 41. Kh3 Re7 42. Ra5 Re3+ 43. g3 Re7 44. Kg4 Rf7 45. Ra6 Rd7 46.
Kh5 Rc7 47. Rxh6 Rc2 48. Ra6 Rh2+ 49. Kxg5 Rg2 50. Rxa7+ Kf8 51. g4 Rg3 52. Kh5
{Black resigns} 1-0

[Event "Team 45 45 League T71"]
[Site "Internet Chess Club"]
[Date "2017.01.12"]
[Round "5"]
[White "Konstantinos"]
[Black "ArielS"]
[Result "1-0"]
[WhiteElo "1697"]
[BlackElo "1574"]
[Opening "French defense"]
[ECO "C00"]
[Time "14:00:30"]
[TimeControl "2700+45"]

1. e4 e6 2. Nf3 d5 3. exd5 exd5 4. d4 Nf6 5. Nc3 c6 6. Be2 Bd6 7. Bg5 Bg4 8. Qd3
O-O 9. h3 Bh5 10. O-O Nbd7 11. Nh4 Bxe2 12. Qxe2 Re8 13. Qf3 h6 14. Nf5 Be7 15.
Bxh6 gxh6 16. Qg3+ Ng4 17. Qxg4+ Bg5 18. Nxh6+ Kg7 19. Nf5+ Kf8 20. h4 Bf6 21.
Rae1 Qc7 22. Re3 Rxe3 23. fxe3 Re8 24. Qh5 a6 25. Qh6+ Kg8 26. Rf3 Bxd4 27. Qg5+
Kf8 28. Rg3 Bxe3+ 29. Nxe3 Qb6 30. Kh2 Re5 31. Nf5 Ke8 32. Nd6+ Kf8 33. Qg7+ Ke7
34. Nc8+ Ke6 35. Qh6+ f6 36. Nxb6 Nxb6 37. Re3 Nc4 38. Rxe5+ Kxe5 39. Ne2 b5 40.
Qf4+ Ke6 41. Ng3 Nxb2 42. Qf5+ Ke7 43. h5 Nc4 44. h6 Kf7 45. Qh7+ Ke6 46. Qg8+
Ke5 47. h7 Kd4 48. h8=Q Kc3 49. Qhh7 c5 50. Qd3+ Kb4 51. Qd8 Na5 52. Ne2 c4 53.
Qf8+ Ka4 {Black resigns} 1-0

[Event "Team 45 45 League T71"]
[Site "Internet Chess Club"]
[Date "2017.01.16"]
[Round "5"]
[White "MikeTtheGuru"]
[Black "SlimeDog2"]
[Result "0-1"]
[WhiteElo "1945"]
[BlackElo "2092"]
[Opening "English: Anglo-Grünfeld, Czech defense"]
[ECO "A16"]
[Time "22:08:22"]
[TimeControl "2700+45"]

1. c4 Nf6 2. Nc3 d5 3. cxd5 Nxd5 4. g3 g6 5. Bg2 Nb6 6. d3 Bg7 7. Be3 c6 8. Qc1
h5 9. Nf3 Nd5 10. Bd4 Nf6 11. O-O O-O 12. e4 Bg4 13. Qe3 Bxf3 14. Bxf3 Ng4
{White resigns} 0-1

[Event "Team 45 45 League T71"]
[Site "Internet Chess Club"]
[Date "2017.01.15"]
[Round "5"]
[White "cysk"]
[Black "jjimalo"]
[Result "1/2-1/2"]
[WhiteElo "1753"]
[BlackElo "1770"]
[Opening "Sicilian: closed, 2...Nc6"]
[ECO "B23"]
[Time "11:31:33"]
[TimeControl "2700+45"]

1. e4 c5 2. Nc3 Nc6 3. Bb5 Nd4 4. Bc4 e6 5. Nf3 Ne7 6. Nxd4 cxd4 7. Ne2 Nc6 8.
O-O g6 9. d3 Bg7 10. Bf4 d6 11. Qd2 O-O 12. a3 a6 13. c3 b5 14. Bb3 Bb7 15. cxd4
Nxd4 16. Nxd4 Bxd4 17. Be3 Qb6 18. Bxd4 Qxd4 19. Qc3 Qxc3 20. bxc3 Rfc8 21. Rac1
Rc7 22. Rc2 Rac8 23. Rfc1 a5 24. a4 bxa4 25. Bxa4 {Game drawn by mutual
agreement} 1/2-1/2

[Event "Team 45 45 League T71"]
[Site "Internet Chess Club"]
[Date "2017.01.16"]
[Round "5"]
[White "elmaestro"]
[Black "qs16"]
[Result "1-0"]
[WhiteElo "1710"]
[BlackElo "1546"]
[Opening "Queen's pawn: Yusupov-Rubinstein system"]
[ECO "A46"]
[Time "15:11:55"]
[TimeControl "2700+45"]

1. d4 Nf6 2. Nf3 e6 3. e3 b6 4. Bd3 Bb7 5. Nbd2 Be7 6. O-O O-O 7. e4 d5 8. e5
Ne4 9. Qe2 Nxd2 10. Bxd2 Nd7 11. Ne1 Re8 12. f4 g6 13. g4 Bf8 14. f5 exf5 15.
gxf5 Nxe5 16. dxe5 Bc5+ 17. Kh1 d4+ 18. Kg1 Qd5 19. Nf3 Bd6 20. Bc4 d3 21. Qxd3
Bc5+ 22. Kh1 Qxe5 23. fxg6 Rf8 24. gxh7+ {Black resigns} 1-0

[Event "Team 45 45 League T71"]
[Site "Internet Chess Club"]
[Date "2017.01.15"]
[Round "5"]
[White "AVEMARIA"]
[Black "pishd"]
[Result "0-1"]
[WhiteElo "1702"]
[BlackElo "1740"]
[Opening "French: Chigorin variation"]
[ECO "C00"]
[Time "09:06:49"]
[TimeControl "2700+45"]

1. e4 e6 2. Qe2 c5 3. g3 b6 4. Bg2 Bb7 5. d3 g6 6. Nf3 Bg7 7. c3 Ne7 8. O-O O-O
9. Na3 d6 10. Re1 Nec6 11. Nc2 Nd7 12. Bg5 f6 13. Bd2 Ba6 14. c4 Re8 15. Rab1
Rb8 16. b4 b5 17. a4 bxc4 18. b5 cxd3 19. Qxd3 Nce5 20. Qxd6 Nxf3+ 21. Bxf3 Ne5
22. Qxd8 Nxf3+ 23. Kh1 Rbxd8 24. Ba5 Nxe1 25. Nxe1 Bb7 26. f3 Rd4 {White
resigns} 0-1

[Event "Team 45 45 League T71"]
[Site "Internet Chess Club"]
[Date "2017.01.13"]
[Round "5"]
[White "chesswooog"]
[Black "Pomberito"]
[Result "1-0"]
[WhiteElo "2039"]
[BlackElo "2077"]
[Opening "King's gambit"]
[ECO "C30"]
[Time "20:00:57"]
[TimeControl "2700+45"]

1. e4 e5 2. f4 Nc6 3. Nf3 f5 4. exf5 e4 5. Ne5 Nf6 6. d4 d6 7. Nxc6 bxc6 8. Be2
Bxf5 9. O-O d5 10. c4 c5 11. cxd5 Qxd5 12. Be3 cxd4 13. Qxd4 c5 14. Qa4+ Bd7 15.
Qc2 Bd6 16. Bc4 Qc6 17. Nc3 Rb8 18. h3 Kd8 19. Rad1 Kc7 20. Nd5+ Nxd5 21. Bxd5
Qb6 22. Bxe4 Rhe8 23. Rxd6 Qxd6 24. Bxc5 Qa6 25. Bxa7+ {Black resigns} 1-0

[Event "Team 45 45 League T71"]
[Site "Internet Chess Club"]
[Date "2017.01.16"]
[Round "5"]
[White "santiagoelawad"]
[Black "Goli"]
[Result "1-0"]
[WhiteElo "2024"]
[BlackElo "1713"]
[Opening "King's Indian: fianchetto, classical main line"]
[ECO "E69"]
[Time "17:02:57"]
[TimeControl "2700+45"]

1. c4 Nf6 2. Nc3 g6 3. Nf3 d6 4. g3 Bg7 5. Bg2 O-O 6. O-O c6 7. d4 Nbd7 8. e4 e5
9. h3 Qc7 10. Be3 Re8 11. d5 cxd5 12. cxd5 a6 13. Rc1 Qd8 14. b4 b5 15. a4 bxa4
16. Qxa4 Bb7 17. Nd2 Rc8 18. Rc2 Nb6 19. Qb3 Nfd7 20. Rfc1 Qe7 21. b5 a5 22. Na4
Nxa4 23. Qxa4 Rxc2 24. Rxc2 Ra8 25. Rc7 Bc8 26. b6 Rb8 27. b7 Bxb7 28. Qxd7 Qxd7
29. Rxd7 Bf8 30. Ba7 Bc8 31. Bxb8 Bxd7 32. Bf1 a4 33. Nc4 f5 34. Bxd6 Bxd6 35.
Nxd6 fxe4 36. Nxe4 Kf7 37. g4 h5 38. f3 hxg4 39. fxg4 Ke7 40. Bc4 a3 41. Kf2 Ba4
42. Ke3 Bc2 43. Ba2 Kd7 44. h4 Ke7 45. h5 gxh5 46. gxh5 Ba4 47. d6+ Kf8 48. h6
Bd7 49. Nf6 {Black resigns} 1-0

[Event "Team 45 45 League T71"]
[Site "Internet Chess Club"]
[Date "2017.01.13"]
[Round "5"]
[White "zap2"]
[Black "primerpaso"]
[Result "1/2-1/2"]
[WhiteElo "1793"]
[BlackElo "1804"]
[Opening "Nimzovich-Larsen attack: classical variation"]
[ECO "A01"]
[Time "15:19:41"]
[TimeControl "2700+45"]

1. b3 d5 2. Bb2 Nf6 3. Nf3 g6 4. e3 Bg7 5. c4 c6 6. Be2 O-O 7. O-O Nbd7 8. cxd5
cxd5 9. d3 Re8 10. Nbd2 e5 11. Rc1 a6 12. Qc2 Re6 13. Qc7 Qxc7 14. Rxc7 Ne8 15.
Rc2 Rc6 16. Rfc1 Rxc2 17. Rxc2 b5 18. d4 e4 19. Ne1 Bb7 20. Ba3 Rc8 21. Nb1 Bf8
22. Bxf8 Kxf8 23. g3 Ke7 24. Rxc8 Bxc8 25. Ng2 Nb6 26. Nc3 b4 27. Nd1 Nc7 28. h4
Bd7 29. Nf4 {Game drawn by mutual agreement} 1/2-1/2

[Event "Team 45 45 League T71"]
[Site "Internet Chess Club"]
[Date "2017.01.15"]
[Round "5"]
[White "VictorRed"]
[Black "Duguesclin"]
[Result "1-0"]
[WhiteElo "1690"]
[BlackElo "1446"]
[Opening "Nimzo-Indian: classical variation"]
[ECO "E32"]
[Time "08:15:51"]
[TimeControl "2700+45"]

1. d4 Nf6 2. c4 e6 3. Nc3 Bb4 4. Qc2 O-O 5. Bg5 h6 6. Bh4 d5 7. O-O-O b6 8. e3
Bb7 9. Nf3 Nbd7 10. Ne5 Qe8 11. Nxd7 Nxd7 12. Rg1 Rc8 13. Kb1 c5 14. Nb5 cxd4
15. Nxa7 Ra8 16. Nb5 g5 17. Bg3 dxe3 18. Nc7 Qe7 19. Nxa8 Rxa8 20. fxe3 Nf6 21.
a3 Bc5 22. Bd3 dxc4 23. Bxc4 Bxe3 24. Bd6 Qe8 25. Rgf1 Nd5 26. Qe2 Qc6 27. Bxd5
exd5 28. Qxe3 Qxd6 29. Qf3 Qd7 30. Qf6 Qe6 31. Qxe6 fxe6 32. Rf6 Kg7 33. Rxe6
Ra7 34. Rxb6 d4 35. Rxb7+ Rxb7 36. Rxd4 Kg6 37. b4 h5 38. Kb2 Kf5 39. a4 Ke5 40.
Rc4 h4 41. a5 Rf7 42. Rc2 Rf4 43. Kb3 g4 44. a6 Rf7 45. b5 g3 46. hxg3 hxg3 47.
Rc3 Kf4 48. Rf3+ Kg4 49. Rxf7 {Black resigns} 1-0

[Event "Team 45 45 League T71"]
[Site "Internet Chess Club"]
[Date "2017.01.12"]
[Round "5"]
[White "kamalchandran"]
[Black "SlimeDog2"]
[Result "0-1"]
[WhiteElo "1978"]
[BlackElo "2082"]
[Opening "Giuoco Pianissimo: Italian four knights variation"]
[ECO "C50"]
[Time "22:28:57"]
[TimeControl "2700+45"]

1. e4 e5 2. Nf3 Nc6 3. Bc4 Bc5 4. d3 Nf6 5. Nc3 h6 6. h3 a6 7. Be3 Bxe3 8. fxe3
d6 9. O-O Na5 10. Bb3 Nxb3 11. axb3 O-O 12. d4 Re8 13. dxe5 dxe5 14. Qxd8 Rxd8
15. Nxe5 b6 16. Nb5 Bb7 17. Nxc7 Rac8 18. Nd5 Rxc2 19. Rad1 Nxd5 20. Rxf7 Re8
21. Rxb7 Nxe3 22. Rd3 Rxg2+ 23. Kh1 Rg3 24. Ng4 Rxh3+ 25. Kg1 Rg3+ 26. Kf2 Rxg4
27. Rxe3 Rgxe4 28. Rxe4 Rxe4 29. Rxb6 a5 30. Rb5 Rb4 31. Rxa5 Rxb3 32. Ra2 Kh7
33. Ke2 h5 34. Kd2 h4 35. Kc2 Rb6 36. b3 g5 37. Kc3 g4 38. Rh2 h3 39. b4 Rh6 40.
b5 g3 41. Rb2 h2 {White resigns} 0-1

[Event "Team 45 45 League T71"]
[Site "Internet Chess Club"]
[Date "2017.01.14"]
[Round "5"]
[White "searchforbobby1"]
[Black "Bluecat"]
[Result "0-1"]
[WhiteElo "1947"]
[BlackElo "1918"]
[Opening "Sicilian: Alapin's variation (2.c3)"]
[ECO "B22"]
[Time "08:32:02"]
[TimeControl "2700+45"]

1. e4 c5 2. c3 Nf6 3. e5 Nd5 4. d4 e6 5. Nf3 cxd4 6. cxd4 b6 7. Bd3 Ba6 8. O-O
Qc8 9. a3 Be7 10. Bg5 Bxd3 11. Qxd3 Qa6 12. Qd2 Nc6 13. Nc3 Qc4 14. Ne4 f5 15.
exf6 gxf6 16. Rac1 Qb3 17. Bh4 Rg8 18. Bg3 h5 19. Nc3 O-O-O 20. Nxd5 Qxd5 21.
Qf4 Kb7 22. h3 e5 23. Qf5 h4 24. Nxh4 Nxd4 25. Qd3 Bc5 26. b4 Rxg3 27. Qd1 Rg7
28. bxc5 Rh8 29. g3 Rxh4 30. cxb6 Rxh3 {White resigns} 0-1

[Event "Team 45 45 League T71"]
[Site "Internet Chess Club"]
[Date "2017.01.14"]
[Round "5"]
[White "Grann"]
[Black "ArturitoGalacti"]
[Result "1/2-1/2"]
[WhiteElo "1896"]
[BlackElo "1869"]
[Opening "Caro-Kann: advance variation"]
[ECO "B12"]
[Time "13:00:35"]
[TimeControl "2700+45"]

1. e4 c6 2. d4 d5 3. e5 Bf5 4. Nf3 e6 5. Be2 c5 6. O-O Nc6 7. Be3 cxd4 8. Nxd4
Nxd4 9. Qxd4 Ne7 10. Rd1 Nc6 11. Qa4 Qa5 12. Qxa5 Nxa5 13. Nd2 Be7 14. c4 dxc4
15. Nxc4 Nxc4 16. Bxc4 a6 17. Bb6 Be4 18. Rd4 Bc6 19. Rad1 O-O 20. f4 g6 21. b3
Kg7 22. a4 Rac8 23. g3 h5 24. Kf2 Rh8 25. h4 Rhe8 26. R1d2 {Game drawn by mutual
agreement} 1/2-1/2

[Event "Team 45 45 League T71"]
[Site "Internet Chess Club"]
[Date "2017.01.16"]
[Round "5"]
[White "ChessHouston"]
[Black "roji"]
[Result "0-1"]
[WhiteElo "1894"]
[BlackElo "1949"]
[Opening "Scandinavian defense"]
[ECO "B01"]
[Time "20:00:26"]
[TimeControl "2700+45"]

1. e4 d5 2. exd5 Qxd5 3. Nc3 Qa5 4. d4 Bf5 5. Nf3 Nf6 6. Bc4 e6 7. O-O c6 8. Re1
Be7 9. a3 Nbd7 10. Bf4 O-O 11. Ne2 Nd5 12. Bd2 Qc7 13. Ng3 Bg6 14. a4 Rad8 15.
c3 Bf6 16. Qb3 N5b6 17. Bf1 c5 18. a5 Nd5 19. c4 Ne7 20. Be3 cxd4 21. Nxd4 Nc5
22. Qc3 Nc6 23. Red1 Nxd4 24. Bxd4 Bxd4 25. Rxd4 Rxd4 26. b4 Rfd8 27. bxc5 Qxc5
28. Qb3 Rd2 29. Qxb7 Rxf2 30. Qc7 {White resigns} 0-1

[Event "Team 45 45 League T71"]
[Site "Internet Chess Club"]
[Date "2017.01.12"]
[Round "5"]
[White "Capt-Morgan"]
[Black "kwen2008"]
[Result "1-0"]
[WhiteElo "1884"]
[BlackElo "1538"]
[Opening "Grünfeld: exchange, Spassky variation"]
[ECO "D87"]
[Time "19:36:36"]
[TimeControl "2700+45"]

1. d4 Nf6 2. c4 g6 3. Nc3 d5 4. cxd5 Nxd5 5. e4 Nxc3 6. bxc3 Bg7 7. Bc4 c5 8.
Ne2 O-O 9. O-O Nc6 10. Be3 Qc7 11. dxc5 Rd8 12. Qb3 e6 13. Qc2 Na5 14. Bb5 a6
15. Ba4 Nc4 16. Bg5 Rf8 17. Bb3 Qxc5 18. Rad1 Qxg5 19. Bxc4 e5 20. Bd5 h5 21. f4
exf4 22. Nxf4 Be5 23. Nd3 Qe3+ 24. Kh1 Bg7 25. Rf3 Qg5 26. Rg3 Qe7 27. Rxg6 Bg4
28. Rb1 Rab8 29. Rgb6 Rfc8 30. c4 Rc7 31. Rxa6 b5 32. Ra5 Qe8 33. c5 Bd4 34. c6
Be6 35. Raxb5 Rxb5 36. Rxb5 Bxd5 37. exd5 Qe4 38. Qd1 Re7 39. h3 Be5 40. Nxe5
Qxe5 41. d6 Qe1+ 42. Qxe1 Rxe1+ 43. Kh2 Re6 44. d7 Rxc6 45. d8=Q+ Kg7 46. Rxh5
Ra6 47. Rg5+ Rg6 48. Qd4+ Kf8 49. Rxg6 fxg6 50. Qf6+ Ke8 51. Kg3 Kd7 52. Kf4 Kc7
53. Ke5 Kd7 54. g4 Ke8 55. Qg7 Kd8 56. Kd6 Kc8 57. Qc7# {Black checkmated} 1-0

[Event "Team 45 45 League T71"]
[Site "Internet Chess Club"]
[Date "2017.01.16"]
[Round "5"]
[White "andrewliang"]
[Black "Portola"]
[Result "0-1"]
[WhiteElo "1668"]
[BlackElo "1745"]
[Opening "French: Tarrasch"]
[ECO "C03"]
[Time "19:00:26"]
[TimeControl "2700+45"]

1. e4 e6 2. d4 d5 3. Nd2 dxe4 4. Nxe4 Be7 5. Nf3 Nd7 6. Bf4 Ngf6 7. Bd3 O-O 8.
Qd2 b6 9. h4 Bb7 10. Qe2 c5 11. Bd2 cxd4 12. Nxd4 Ne5 13. Nf3 Nxd3+ 14. cxd3 Ba6
15. Ne5 Qd5 16. Bc3 Nxe4 17. dxe4 Qb5 18. Qxb5 Bxb5 19. a4 Ba6 20. Nc6 Rfe8 21.
b4 Bb7 22. Nxe7+ Rxe7 23. f3 Rc8 24. Ra3 Rd7 25. Kf2 Rdc7 26. Rc1 Rc4 27. b5 a6
28. Ke3 axb5 29. axb5 R4c5 30. Rb3 f5 31. exf5 exf5 32. Kd2 Bd5 33. Rbb1 Bc4 34.
Bd4 Rd5 35. Ke3 Re8+ 36. Kf2 Rxd4 37. Rb4 Rd2+ 38. Kg3 Bd5 39. Rf4 g6 40. h5
Ree2 41. Rg1 Kg7 42. hxg6 hxg6 43. Kh3 g5 44. Rb4 Be6 45. f4 g4+ 46. Kh4 Rxg2
47. Rxg2 Rxg2 48. Rd4 Rb2 49. Rd6 Bf7 50. Rxb6 Rb3 51. Ra6 Rh3+ 52. Kg5 Rh5#
{White checkmated} 0-1

[Event "Team 45 45 League T71"]
[Site "Internet Chess Club"]
[Date "2017.01.16"]
[Round "5"]
[White "rubo"]
[Black "dinosaurchess"]
[Result "1-0"]
[WhiteElo "1619"]
[BlackElo "1369"]
[Opening "Bird's opening"]
[ECO "A02"]
[Time "20:18:31"]
[TimeControl "2700+45"]

1. f4 Nf6 2. Nf3 g6 3. b3 Bg7 4. Bb2 O-O 5. e3 Nc6 6. Be2 Re8 7. O-O b6 8. Ne5
Bb7 9. Bf3 Rb8 10. Nc3 Rf8 11. a3 Nxe5 12. fxe5 Bxf3 13. Qxf3 Nh5 14. g4 Bxe5
15. gxh5 gxh5 16. Qxh5 Bd6 17. Ne4 f6 18. Ng5 Bxh2+ 19. Kxh2 fxg5 20. Qxg5#
{Black checkmated} 1-0

[Event "Team 45 45 League T71"]
[Site "Internet Chess Club"]
[Date "2017.01.14"]
[Round "5"]
[White "justice02"]
[Black "Littlemon"]
[Result "0-1"]
[WhiteElo "1693"]
[BlackElo "1609"]
[Opening "Queen's pawn game, Darooha variation "]
[ECO "D02"]
[Time "19:00:33"]
[TimeControl "2700+45"]

1. Nf3 d5 2. d4 Nf6 3. g3 c6 4. Bg2 a6 5. O-O Bg4 6. Ne5 Bh5 7. h3 e6 8. g4 Bg6
9. Nxg6 hxg6 10. Qd3 Qc7 11. f4 Bd6 12. Nc3 Nbd7 13. e4 dxe4 14. Nxe4 Nxe4 15.
Qxe4 Nf6 16. Qd3 O-O-O 17. c4 Rd7 18. Qb3 Qa5 19. Be3 Qb4 20. Qxb4 Bxb4 21. c5
Nd5 22. Bxd5 Rxd5 23. Kg2 Ba5 24. a3 Bd8 25. b4 Bf6 26. Rad1 Rhd8 27. f5 Bxd4
28. Bxd4 Rxd4 29. Rxd4 Rxd4 30. fxe6 fxe6 31. Rf8+ Kc7 32. Rf7+ Rd7 33. Rxd7+
Kxd7 34. Kf3 e5 35. Ke4 Ke6 36. g5 Kd7 37. Kxe5 Ke7 38. a4 Kd7 39. h4 Ke7 40. a5
Kd7 41. Kf4 Ke7 42. Kg4 Ke6 43. h5 gxh5+ 44. Kxh5 Kf5 45. g6 Kf6 46. Kg4 Kxg6
47. Kf4 Kf6 48. Kg4 g5 49. Kg3 Ke5 50. Kg4 Kd4 51. Kxg5 Kc4 52. Kf5 Kxb4 53. Ke6
Kxc5 54. Kd7 Kb5 55. Kc7 Kxa5 56. Kxb7 c5 {White resigns} 0-1

[Event "Team 45 45 League T71"]
[Site "Internet Chess Club"]
[Date "2017.01.15"]
[Round "5"]
[White "EFXBT"]
[Black "zepled37"]
[Result "1-0"]
[WhiteElo "1527"]
[BlackElo "1683"]
[Opening "Grünfeld: exchange, Spassky variation"]
[ECO "D87"]
[Time "17:41:56"]
[TimeControl "2700+45"]

1. d4 Nf6 2. c4 g6 3. Nc3 d5 4. cxd5 Nxd5 5. e4 Nxc3 6. bxc3 Bg7 7. Bc4 O-O 8.
Ne2 c5 9. Be3 Nc6 10. O-O Qc7 11. Rc1 Rd8 12. f3 a6 13. Bd5 e6 14. Bxc6 Qxc6 15.
Qd2 b6 16. Nf4 Bb7 17. d5 Qd6 18. c4 Rac8 19. Rfd1 b5 20. dxe6 Qxd2 21. Rxd2
Rxd2 22. Bxd2 fxe6 23. Nxe6 b4 24. Be3 Bf8 25. Rd1 Bc6 26. Nxf8 Kxf8 27. Bxc5+
Ke8 28. Bxb4 Ba4 29. Rd4 Rb8 30. a3 a5 31. Bxa5 Rb1+ 32. Kf2 Rb2+ 33. Kg3 Rc2
34. Bb4 Bb3 35. c5 Ba4 36. Rd6 Bb5 37. Rb6 Bf1 38. h4 Rxg2+ 39. Kf4 Rh2 40. c6
Rxh4+ 41. Ke3 Rh2 42. Rb8+ Kf7 43. c7 Bh3 44. c8=Q Bxc8 45. Rxc8 h5 46. Rc1 g5
47. Ra1 h4 48. a4 h3 49. Bd6 Rg2 50. a5 h2 51. Bxh2 Rxh2 52. a6 Rh8 53. a7 Ra8
54. f4 gxf4+ 55. Kxf4 Kf6 56. e5+ Ke6 57. Ke4 Ke7 58. Kd5 Kd7 59. e6+ Kc7 60.
Kc5 Kb7 61. Kd6 Rd8+ 62. Ke7 Ra8 63. Kf7 {Black resigns} 1-0

[Event "Team 45 45 League T71"]
[Site "Internet Chess Club"]
[Date "2017.01.15"]
[Round "5"]
[White "Grenadier"]
[Black "MasterD"]
[Result "0-1"]
[WhiteElo "1554"]
[BlackElo "1510"]
[Opening "Sicilian: closed"]
[ECO "B24"]
[Time "20:03:09"]
[TimeControl "2700+45"]

1. e4 c5 2. Nc3 Nc6 3. g3 g6 4. Bg2 Bg7 5. d3 Nf6 6. Be3 d6 7. h3 Bd7 8. Qd2 Qb6
9. Rb1 O-O 10. Bh6 Rac8 11. Bxg7 Kxg7 12. f4 c4 13. dxc4 Na5 14. b3 Bc6 15. Nge2
Rfd8 16. Nd5 Bxd5 17. cxd5 Nc4 18. Qd4 Ne3 19. Qxb6 Nxg2+ 20. Kf2 axb6 21. Kxg2
Rxc2 22. Kf3 Rxa2 23. Rhc1 Raa8 24. Rc7 Rd7 25. Rbc1 Rad8 26. Nd4 Kf8 27. g4 Ke8
28. h4 Rxc7 29. Rxc7 Rd7 30. Rc4 Rd8 31. f5 Kd7 32. Rb4 Kc7 33. fxg6 hxg6 34.
Kf4 Rh8 35. Rc4+ Kd7 36. h5 gxh5 37. g5 Nh7 38. Nb5 Rc8 39. Ra4 Rc5 40. Nd4 e5+
41. dxe6+ fxe6 42. Nf3 Ra5 43. Rb4 Kc6 44. g6 Nf6 45. Nd4+ Kd7 46. Nf3 Kc6 47.
e5 Nd5+ 48. Kg5 Nxb4 49. g7 Ra8 50. Kg6 dxe5 51. Nxe5+ Kd6 52. Nc4+ Kc5 53. Kxh5
Na2 54. Kg6 Nc1 55. Ne5 Rg8 56. Nd7+ Kc6 57. Nf6 Rxg7+ 58. Kxg7 Nxb3 59. Kf7 Nd4
60. Ke7 b5 61. Ne4 b4 62. Kd8 b3 63. Nc3 b2 64. Kc8 e5 {White resigns} 0-1

[Event "Team 45 45 League T71"]
[Site "Internet Chess Club"]
[Date "2017.01.15"]
[Round "5"]
[White "Rushu2009"]
[Black "GoIrish"]
[Result "0-1"]
[WhiteElo "1250"]
[BlackElo "1548"]
[Opening "Scandinavian (center counter) defense"]
[ECO "B01"]
[Time "14:02:17"]
[TimeControl "2700+45"]

1. e4 d5 2. exd5 Qxd5 3. Nc3 Qa5 4. Nf3 Bg4 5. Be2 e6 6. h3 Bh5 7. O-O Nf6 8. d4
c6 9. Bd2 Qc7 10. a4 Bd6 11. g3 O-O 12. g4 Bg6 13. g5 Ne4 14. Ne5 Nxd2 15. Qxd2
Bxe5 16. dxe5 Qxe5 17. f4 Qc5+ 18. Kh1 Na6 19. Rfd1 Nb4 20. Bd3 Nxd3 21. cxd3
Rad8 22. b4 Qf5 23. d4 Qxh3+ 24. Kg1 Bh5 25. Re1 Bf3 26. Re3 Qh1+ 27. Kf2 Qg2+
28. Ke1 Qg1# {White checkmated} 0-1

[Event "Team 45 45 League T71"]
[Site "Internet Chess Club"]
[Date "2017.01.16"]
[Round "5"]
[White "andrew37"]
[Black "Packerfan"]
[Result "1-0"]
[WhiteElo "1674"]
[BlackElo "1614"]
[Opening "English opening"]
[ECO "A16"]
[Time "16:07:34"]
[TimeControl "2700+45"]

1. c4 Nf6 2. Nc3 g6 3. g3 Bg7 4. Bg2 O-O 5. e4 d6 6. Nge2 c5 7. O-O Nc6 8. a3
Bg4 9. d3 Nd4 10. f3 Nxe2+ 11. Qxe2 Bd7 12. Be3 Bc6 13. Rac1 Nd7 14. Nd1 a5 15.
Qd2 a4 16. Bh6 b5 17. Bxg7 Kxg7 18. f4 Rb8 19. cxb5 Bxb5 20. Nc3 Qa5 21. Bh3 Rb7
22. Bxd7 Bxd7 23. f5 Rfb8 24. Rc2 f6 25. Qf2 Bc6 26. g4 Rb3 27. g5 Qd8 28. fxg6
hxg6 29. Qh4 fxg5 30. Qxg5 e6 31. Qf4 Qe7 32. Rcf2 Rxb2 33. Qf6+ Qxf6 34. Rxf6
Rc2 35. Nd1 Re8 36. Rf7+ Kg8 37. Ne3 Rc1 38. Rc7 Rxf1+ 39. Kxf1 Rf8+ 40. Ke2 Be8
41. Ng4 Bf7 42. Ke3 g5 43. e5 d5 44. Rxc5 Kg7 45. Rc7 Kg6 46. Nf6 Rh8 47. Ra7
Rxh2 48. Rxa4 Rh3+ 49. Kd2 Kf5 50. Ra7 Bh5 51. Rh7 Bg4 52. Rf7 Bh5 53. Nxh5+ Kg6
54. Nf4+ gxf4 55. Rxf4 Rh2+ 56. Kc3 Ra2 57. Kb3 Rd2 58. Rf6+ Kg7 59. Kc3 Ra2 60.
Rxe6 Rxa3+ 61. Kd4 Kf7 62. Rd6 Ke7 63. Rxd5 Ra4+ 64. Ke3 Ke6 65. Rb5 Ra3 66. Ke4
Ra1 67. Rb6+ Ke7 68. d4 Ra5 69. d5 Ra4+ 70. Kf5 Rd4 71. Rb7+ {Black resigns} 1-0

[Event "Team 45 45 League T71"]
[Site "Internet Chess Club"]
[Date "2017.01.15"]
[Round "5"]
[White "Lrn2Mate"]
[Black "VictorRed"]
[Result "0-1"]
[WhiteElo "1578"]
[BlackElo "1701"]
[Opening "Queen's bishop game"]
[ECO "D00"]
[Time "22:02:40"]
[TimeControl "2700+45"]

1. d4 d5 2. Bf4 Nf6 3. Nf3 Nc6 4. e3 Bg4 5. Be2 e6 6. h3 Bh5 7. c3 h6 8. Nbd2
Be7 9. Qb3 Rb8 10. O-O Ne4 11. Rfe1 Nxd2 12. Nxd2 Bg6 13. Bf3 O-O 14. e4 dxe4
15. Bxe4 Bxe4 16. Rxe4 Bg5 17. Bxg5 Qxg5 18. Nf3 Qf5 19. Rae1 Ne7 20. Ne5 Rfd8
21. R1e3 Nd5 22. g4 Qg5 23. Nf3 Qf6 24. Rd3 Nf4 25. Rde3 Nxh3+ 26. Kf1 Ng5 27.
Nxg5 Qxg5 28. Qd1 c5 29. Re5 cxd4 30. Rxg5 dxe3 31. Rxg7+ Kxg7 32. Qe2 exf2 33.
Qxf2 Rd1+ 34. Kg2 b6 35. Qe2 Rbd8 36. Qe5+ Kg8 37. Kg3 R1d2 38. Qf6 R8d3+ 39.
Kh4 Rh2# {White checkmated} 0-1